Map: Vigía EE

Players

TATORREA

  • Race: Protoss Protoss
  • League: Gold
  • Spawn Location: 9:00

MrFercho

  • Race: Zerg Zerg
  • League: Silver
  • Spawn Location: 12:00

tigro

  • Race: Terran Terran
  • League: Bronze
  • Spawn Location: 9:00

alphanoize

  • Race: Terran Terran
  • Spawn Location: 6:00

RayUSandA

  • Race: Zerg Zerg
  • Spawn Location: 5:00

KillerAlfa

  • Race: Terran Terran
  • Spawn Location: 5:00

VOD

Have the link to the VOD?

Description

Time

  • Played on: July 1, 2020, 10:13 p.m.
  • Length: 2:12
Show
View Real Time Build Order
Export as new Build Order

TATORREA Protoss 

Build Orders:  

Get SALT Encoding   

  12  0:01  Probe  
  13  0:15  Probe  
  14  0:29  Pylon  
  14  0:30  Probe  
  15  0:47  Probe  
  15  0:49  Gateway  
  16  0:59  Probe  
  17  1:11  Probe  
  18  1:23  Probe  
  11  1:34  Probe  
  4  1:42  Probe  
  7  1:51  Probe  
  7  1:59  Probe  
Show
View Real Time Build Order
Export as new Build Order

MrFercho Zerg 

Build Orders: Pool Only 

Get SALT Encoding   

  12  0:01  Drone  
  13  0:15  Extractor  
  12  0:27  Spawning Pool  
  11  0:30  Drone  
  11  0:35  Drone  
  13  0:40  Drone  
  3  1:18  Zergling x4  
Show
View Real Time Build Order
Export as new Build Order

tigro Terran 

Build Orders:  

Get SALT Encoding   

  12  0:03  SCV  
  13  0:15  SCV  
  14  0:24  Supply Depot  
  14  0:27  SCV  
  15  0:35  Refinery  
  15  0:46  SCV  
  16  0:50  Barracks  
  16  1:06  SCV  
  13  1:18  SCV  
  11  1:30  SCV  
  12  1:38  Marine  
Show
View Real Time Build Order
Export as new Build Order

alphanoize Terran 

Build Orders:  

Get SALT Encoding   

  12  0:09  SCV  
  13  1:09  SCV  
  11  1:49  SCV  
Show
View Real Time Build Order
Export as new Build Order

RayUSandA Zerg 

Build Orders:  

Get SALT Encoding   

  12  0:08  Drone  
  10  1:27  Drone  
  6  1:54  Drone  
Show
View Real Time Build Order
Export as new Build Order

KillerAlfa Terran 

Build Orders:  

Get SALT Encoding   

Tags
 
Add a new tag
Caveats
  • Supply blocks, unpowered buildings, or Contaminate may cause inaccurate times.
  • Supply counts are checked every 10 seconds.